 Dungeon Crawl Stone Soup version 0.19.0-2-gae57169 (webtiles) character file.

117 spe3d0 the Magician (level 4, -1/27 HPs)
             Began as a High Elf Wizard on Nov 3, 2016.
             Slain by an orc warrior
             ... wielding a +0 short sword
              (11 damage)
             ... on level 2 of the Dungeon.
             The game lasted 00:11:05 (3162 turns).

spe3d0 the Magician (High Elf Wizard)               Turns: 3162, Time: 00:11:06

Health: -1/27      AC:  2    Str:  7    XL:     4   Next: 71%
Magic:  11/11      EV: 13    Int: 21    God:
Gold:   152        SH:  0    Dex: 14    Spells: 4 memorised, 4 levels left

rFire  . . .     SeeInvis .     e - +0 club
rCold  . . .     Gourm    .     a - +0 robe
rNeg   . . .     Faith    .     (no shield)
rPois  .         Spirit   .     b - +0 hat
rElec  .         Reflect  .     (no cloak)
rCorr  .         Harm     .     (no gloves)
MR     .....                    (no boots)
Stlth  ++........               (no amulet)
                                (no ring)
                                (no ring)

@: no status effects
A: no striking features
a: no special abilities


You were on level 2 of the Dungeon.
You were not hungry.

You visited 1 branch of the dungeon, and saw 4 of its levels.

You collected 152 gold pieces.


   Skills:
 + Level 2.8 Dodging
 + Level 3.6 Stealth
 - Level 4.1 Spellcasting
 - Level 2.0 Conjurations
 * Level 2.2 Summonings
 - Level 1.1 Translocations


You had 4 spell levels left.
You knew the following spells:

 Your Spells              Type           Power        Failure   Level  Hunger
c - Call Imp              Summ           ##......     10%         2    #......
r - Repel Missiles        Chrm/Air       #.....       17%         2    #......
z - Magic Dart            Conj           ##..         6%          1    None
I - Blink                 Tloc           N/A          12%         2    #......

Inventory:

Hand Weapons
 e - a +0 club (weapon)
Missiles
 s - a throwing net {=f}
Armour
 a - a +0 robe (worn)
 b - a +0 hat (worn)
Scrolls
 f - a scroll of enchant weapon {unknown}
 j - 2 scrolls of magic mapping {unknown}
 m - a scroll of blinking {unknown}
 n - 3 scrolls of immolation {unknown}
 r - a scroll of amnesia {unknown}
 t - a scroll of random uselessness {unknown}
 u - a scroll of noise {unknown}
Potions
 g - a potion of invisibility {unknown}
 h - 2 potions of magic {unknown}
 i - a potion of mutation {unknown}
 k - a potion of flight {unknown}
 o - 3 potions of might {unknown}
 p - a potion of agility {unknown}
 q - a potion of lignification {unknown}
Books
 c - a book of Minor Magic

   Spells                             Type                      Level
   a - Magic Dart                     Conjuration                  1
   b - Blink                          Translocation                2
   c - Call Imp                       Summoning                    2
   d - Repel Missiles                 Charms/Air                   2
   e - Slow                           Hexes                        2
   f - Conjure Flame                  Conjuration/Fire             3
   g - Mephitic Cloud                 Conjuration/Poison/Air       3
Comestibles
 d - 3 bread rations {@e1}

Dungeon Overview and Level Annotations

Branches:
Dungeon (4/15)
 Temple: D:4-7

Altars:
Cheibriados
Makhleb

Annotations:
D:1 1 runed door

#########...##...................
.............#.............##.###
.#######.....[...#....####.##..##
............................(#.##
#######.........................#
#.......)......######.#..##
#............#.# #....#
#.........o#.#.## ###..#
#.........@#....# #..##
##........####..# #....
##........## ##.# #....
#..........# #(## #....
#..........# #)<# #....
#..........# #### ###..
#..........# ### #..........#
##........##


You could see an orc warrior.


Message History

The orc wizard gestures at you while chanting.
The puff of flame misses you.
Your magical contamination has completely faded away.
There is an escape hatch in the floor here.
The orc warrior hits you with a short sword!
* * * LOW HITPOINT WARNING * * *
You slide downwards.
The hatch slams shut behind you.
A jackal comes into view.
Found a mace.
A jackal comes into view.
The jackal barks!
Okay, then.
Okay, then.
Found a stone staircase leading up.
There is a stone staircase leading up here.
The orc warrior barely misses you.
You climb upwards.
There is a stone staircase leading down here.
There is an open door here.
All of the chunks of flesh in your inventory have rotted away.
You see here a dagger.
You see here a ring mail.
There is an open door here.
There is a stone staircase leading up here.
The orc warrior closely misses you.
You climb upwards.
There is a stone staircase leading down here.
There is a stone staircase leading up here.
The orc warrior hits you with a short sword!
You die...

Skill      XL: |  1  2  3  4 |
---------------+-------------+-----
Spellcasting   | 4 |  4.1
Conjurations   | 2 |  2.0
Summonings     | 1 2 |  2.2
Stealth        | 3 |  3.6
Dodging        | |  2.8
Translocations | |  1.1

Action                   |  1- 3 |  4- 6 || total
-------------------------+-------+-------++-------
Melee: Club              |       |     2 ||     2
 Cast: Magic Dart        |   121 |    54 ||   175
       Call Imp          |    10 |     7 ||    17
  Eat: Chunk             |     4 |     3 ||     7
Armor: Robe              |     5 |     1 ||     6
Dodge: Dodged            |    23 |    16 ||    39

Vault maps used:
D:1:      dpeg_arrival_caged_fury, minmay_hexomino_p4
D:2:      first_bread, small_statue_intersection
D:3:      makhleb_altar_promises_db, kennysheep_slug_shrine, uniq_jessica
D:4:      serial_shops, shop

Notes
Turn   | Place    | Note
-------+----------+-------------------------------------------
     0 | D:1      | spe3d0 the High Elf Wizard began the quest for the Orb.
     0 | D:1      | Reached XP level 1. HP: 11/11 MP: 6/6
     1 | D:1      | Found a runed door.
   458 | D:1      | Reached XP level 2. HP: 17/17 MP: 4/7
   533 | D:1      | Learned a level 2 spell: Call Imp
   536 | D:1      | Learned a level 2 spell: Blink
   539 | D:1      | Learned a level 2 spell: Repel Missiles
   873 | D:1      | Reached skill level 4 in Spellcasting
  1112 | D:1      | Reached XP level 3. HP: 21/21 MP: 4/9
  1184 | D:1      | Reached skill level 2 in Conjurations
  1338 | D:1      | Reached skill level 1 in Summonings
  1510 | D:1      | Reached skill level 3 in Stealth
  2198 | D:2      | Reached XP level 4. HP: 19/27 MP: 1/11
  2472 | D:3      | Found a burning altar of Makhleb.
  2472 | D:3      | Noticed a green death
  2623 | D:3      | Reached skill level 2 in Summonings
  2884 | D:3      | Found a snail-covered altar of Cheibriados.
  3030 | D:3      | Noticed Jessica
  3040 | D:3      | Killed Jessica
  3055 | D:3      | Noticed an orc warrior
  3162 | D:2      | Slain by an orc warrior

Vanquished Creatures
  An adder (D:3)
  An ooze (D:3)
  3 dart slugs
  3 leopard geckos
  A ball python (D:1)
  A giant cockroach (D:2)
  5 goblins
  15 hobgoblins
  5 jackals
  9 kobolds
  A quokka (D:3)
  5 bats
  6 frilled lizards
  6 rats
62 creatures vanquished.

Vanquished Creatures (collateral kills)
  Jessica (D:3)
  An adder (D:2)
  A goblin (D:2)
  A hobgoblin (D:2)
  6 jackals
  3 kobolds
  A rat (D:2)
14 creatures vanquished.

Grand Total: 76 creatures vanquished
